PBL
PORTLAND ANGELS @ PALM BEACH NATIONALS
09/15/2049
 
TOP OF THE 1ST
Portland Angels batting - Pitching for Palm Beach Nationals : RHP Gabriel Bass
Pitching: RHP Gabriel Bass
Batting: LHB Miguel Hernandez 0-0: Foul Ball, location: 2F
0-1: Ball
1-1: Ball
2-1: Ball
3-1: SOLO HOME RUN (Flyball, 89XD, EV 113.1 MPH), Distance : 433 ft
Batting: RHB Jose Garduno 0-0: Foul Ball, location: 2F
0-1: Foul Ball, location: 2F
0-2: Strikes out swinging
Batting: LHB Jon Rahn 0-0: Ball
1-0: Foul Ball, location: 2F
1-1: Ball
2-1: Foul Ball, location: 2F
2-2: Fly out, F9 (Flyball, 9, EV 85.6 MPH)
Batting: RHB Alex Rosaly 0-0: Ball
1-0: Ball
2-0: Foul Ball, location: 2F
2-1: SINGLE (Line Drive, 8LS, EV 111.2 MPH)
Batting: LHB Lourens Aukema 0-0: Ball
1-0: Ball
2-0: Foul Ball, location: 2F
2-1: Fielders Choice at 2nd, 6-4 (Groundball, 6, EV 108.8 MPH)
Top of the 1st over - 1 run, 2 hits, 0 errors, 1 left on base; Portland 1 - Palm Beach 0
BOTTOM OF THE 1ST
Palm Beach Nationals batting - Pitching for Portland Angels : LHP Alejandro Jimenez
Pitching: LHP Alejandro Jimenez
Batting: RHB Lou Ortman 0-0: Called Strike
0-1: Called Strike
0-2: Ball
1-2: Ball
2-2: Strikes out looking
Batting: RHB Tom Lyles 0-0: Ball
1-0: Called Strike
1-1: Ball
2-1: Foul Ball, location: 2F
2-2: SINGLE (Groundball, 4D, EV 101.2 MPH)
Batting: SHB John Husson 0-0: Called Strike
Tom Lyles is caught stealing 2nd base 2-4
0-1: Foul Ball, location: 2F
0-2: Fly out, F7 (Flyball, 78S, EV 84.4 MPH)
Bottom of the 1st over - 0 runs, 1 hit, 0 errors, 0 left on base; Portland 1 - Palm Beach 0
TOP OF THE 2ND
Portland Angels batting - Pitching for Palm Beach Nationals : RHP Gabriel Bass
Batting: RHB Mario Martinez 0-0: Called Strike
0-1: Foul Ball, location: 2F
0-2: Ball
1-2: Strikes out swinging
Batting: RHB Bob Dewar 0-0: Ball
1-0: Ball
2-0: Swinging Strike
2-1: Foul Ball, location: 2F
2-2: Ball
3-2: Strikes out swinging
Batting: LHB John Harvey 0-0: Foul Ball, location: 2F
0-1: Foul Ball, location: 2F
0-2: Ball
1-2: Foul Ball, location: 2F
1-2: Foul Ball, location: 2F
1-2: Foul Ball, location: 2F
1-2: Foul Ball, location: 2F
1-2: Ball
2-2: Strikes out swinging
Top of the 2nd over - 0 runs, 0 hits, 0 errors, 0 left on base; Portland 1 - Palm Beach 0
BOTTOM OF THE 2ND
Palm Beach Nationals batting - Pitching for Portland Angels : LHP Alejandro Jimenez
Batting: RHB Jason Curry 0-0: Ball
1-0: Called Strike
1-1: Swinging Strike
1-2: Strikes out swinging
Batting: RHB Billy Williamson 0-0: Ball
1-0: Foul Ball, location: 2F
1-1: Fly out, F9 (Line Drive, 9, EV 107.5 MPH)
Batting: RHB Mike Hayes 0-0: Called Strike
0-1: Foul Ball, location: 2F
0-2: Foul Ball, location: 2F
0-2: Strikes out swinging
Bottom of the 2nd over - 0 runs, 0 hits, 0 errors, 0 left on base; Portland 1 - Palm Beach 0
TOP OF THE 3RD
Portland Angels batting - Pitching for Palm Beach Nationals : RHP Gabriel Bass
Batting: LHB Matt Herndon 0-0: Ball
1-0: Swinging Strike
1-1: Called Strike
1-2: Ball
2-2: Fly out, F6 (Popup, 6M, EV 76.2 MPH)
Batting: LHB Miguel Hernandez 0-0: Foul Ball, location: 2F
0-1: Ball
1-1: Foul Ball, location: 2F
1-2: Strikes out swinging
Batting: RHB Jose Garduno 0-0: Called Strike
0-1: Called Strike
0-2: Ball
1-2: Strikes out swinging
Top of the 3rd over - 0 runs, 0 hits, 0 errors, 0 left on base; Portland 1 - Palm Beach 0
BOTTOM OF THE 3RD
Palm Beach Nationals batting - Pitching for Portland Angels : LHP Alejandro Jimenez
Batting: LHB Mike Trentham 0-0: Ball
1-0: Fly out, F9 (Flyball, 9D, EV 92.5 MPH)
Batting: RHB Larry Myers 0-0: Ball
1-0: Foul Ball, location: 2F
1-1: Foul Ball, location: 2F
1-2: Ball
2-2: Strikes out swinging
Batting: RHB Abdul-Ra'uf bin Maimun 0-0: Called Strike
0-1: Ground out 6-3 (Groundball, 4M, EV 86.9 MPH)
Bottom of the 3rd over - 0 runs, 0 hits, 0 errors, 0 left on base; Portland 1 - Palm Beach 0
TOP OF THE 4TH
Portland Angels batting - Pitching for Palm Beach Nationals : RHP Gabriel Bass
Batting: LHB Jon Rahn 0-0: Called Strike
0-1: Ball
1-1: Called Strike
1-2: Ball
2-2: Foul Ball, location: 2F
2-2: Ground out 4-3 (Groundball, 4, EV 79.4 MPH)
Batting: RHB Alex Rosaly 0-0: Ball
1-0: Swinging Strike
1-1: Ball
2-1: Swinging Strike
2-2: Ball
3-2: Fly out, F8 (Flyball, 78S, EV 81.2 MPH)
Batting: LHB Lourens Aukema 0-0: Foul Ball, location: 2F
0-1: Ball
1-1: SINGLE (Flyball, 89S, EV 96.2 MPH)
Batting: RHB Mario Martinez 0-0: Ball
1-0: Foul Ball, location: 2F
1-1: Called Strike
1-2: Foul Ball, location: 2F
1-2: Ball
2-2: Strikes out swinging, 2-3 out at first.
Top of the 4th over - 0 runs, 1 hit, 0 errors, 1 left on base; Portland 1 - Palm Beach 0
BOTTOM OF THE 4TH
Palm Beach Nationals batting - Pitching for Portland Angels : LHP Alejandro Jimenez
Batting: RHB Lou Ortman 0-0: Foul Ball, location: 2F
0-1: Ball
1-1: Ball
2-1: SINGLE (Line Drive, 34D, EV 97.5 MPH)
Batting: RHB Tom Lyles 0-0: Ball
1-0: Swinging Strike
1-1: Swinging Strike
1-2: Ball
2-2: Foul Ball, location: 2F
2-2: Strikes out looking
Batting: SHB John Husson 0-0: Grounds into double play, 5-4-3 (Groundball, 5L, EV 97.5 MPH)
Bottom of the 4th over - 0 runs, 1 hit, 0 errors, 0 left on base; Portland 1 - Palm Beach 0
TOP OF THE 5TH
Portland Angels batting - Pitching for Palm Beach Nationals : RHP Gabriel Bass
Batting: RHB Bob Dewar 0-0: Called Strike
0-1: Swinging Strike
0-2: Strikes out swinging
Batting: LHB John Harvey 0-0: Called Strike
0-1: Swinging Strike
0-2: Ball
1-2: Strikes out swinging
Batting: LHB Matt Herndon 0-0: Foul Ball, location: 2F
0-1: Ball
1-1: SINGLE (Line Drive, 7S, EV 91.9 MPH)
Batting: LHB Miguel Hernandez 0-0: Called Strike
0-1: Ball
1-1: Swinging Strike
Pickoff Throw by Catcher to First - Out!
Top of the 5th over - 0 runs, 1 hit, 0 errors, 0 left on base; Portland 1 - Palm Beach 0
BOTTOM OF THE 5TH
Palm Beach Nationals batting - Pitching for Portland Angels : LHP Alejandro Jimenez
Batting: RHB Jason Curry 0-0: Ball
1-0: Ball
2-0: SINGLE (Groundball, 6MD, EV 95.0 MPH)
Batting: RHB Billy Williamson 0-0: Ball
1-0: Foul Ball, location: 2F
1-1: Fly out, F5 (Popup, 56S, EV 83.8 MPH)
Batting: RHB Mike Hayes 0-0: Swinging Strike
0-1: Foul Ball, location: 2F
0-2: Ball
1-2: Strikes out swinging
Batting: LHB Mike Trentham 0-0: Ball
1-0: Swinging Strike
1-1: Foul Ball, location: 2F
1-2: Ball
2-2: Strikes out looking
Bottom of the 5th over - 0 runs, 1 hit, 0 errors, 1 left on base; Portland 1 - Palm Beach 0
TOP OF THE 6TH
Portland Angels batting - Pitching for Palm Beach Nationals : RHP Gabriel Bass
Batting: LHB Miguel Hernandez 0-0: Ball
1-0: Foul Ball, location: 2F
1-1: SINGLE (Line Drive, 56D, EV 99.4 MPH)
Batting: RHB Jose Garduno 0-0: Swinging Strike
Miguel Hernandez steals 2nd base
0-1: Fly out, F4 (Popup, 4MD, EV 69.4 MPH)
Batting: LHB Jon Rahn 0-0: Ball
Miguel Hernandez steals 3rd base
1-0: Ball
2-0: Ball
3-0: Called Strike
3-1: Ground out 6-3 (Groundball, P, EV 86.9 MPH)
Batting: RHB Alex Rosaly 0-0: Ball
1-0: Ball
2-0: Foul Ball, location: 2F
2-1: SINGLE (Line Drive, 89M, EV 105.6 MPH)
Miguel Hernandez scores
Batting: LHB Lourens Aukema 0-0: Swinging Strike
Alex Rosaly is caught stealing 2nd base 2-6
Top of the 6th over - 1 run, 2 hits, 0 errors, 0 left on base; Portland 2 - Palm Beach 0
BOTTOM OF THE 6TH
Palm Beach Nationals batting - Pitching for Portland Angels : LHP Alejandro Jimenez
Batting: RHB Larry Myers 0-0: Ball
1-0: Called Strike
1-1: Swinging Strike
1-2: Ground out 6-3 (Groundball, 56, EV 102.5 MPH)
Batting: RHB Abdul-Ra'uf bin Maimun 0-0: Ball
1-0: Ball
2-0: Swinging Strike
2-1: Called Strike
2-2: Ball
3-2: SINGLE (Flyball, 89S, EV 91.9 MPH)
Batting: RHB Lou Ortman 0-0: Called Strike
0-1: Ball
1-1: Swinging Strike
1-2: Ball
2-2: Strikes out swinging
Batting: RHB Tom Lyles 0-0: Called Strike
0-1: Swinging Strike
0-2: Fly out, F9 (Flyball, 89M, EV 86.2 MPH)
Bottom of the 6th over - 0 runs, 1 hit, 0 errors, 1 left on base; Portland 2 - Palm Beach 0
TOP OF THE 7TH
Portland Angels batting - Pitching for Palm Beach Nationals : RHP Gabriel Bass
Batting: LHB Lourens Aukema 0-0: Ball
1-0: Foul Ball, location: 2F
1-1: Ball
2-1: Ball
3-1: Called Strike
3-2: Fly out, F7 (Flyball, 7, EV 81.2 MPH)
Batting: RHB Mario Martinez 0-0: Hit by Pitch
Batting: RHB Bob Dewar 0-0: Ball
1-0: Ball
2-0: Called Strike
2-1: Ball
3-1: Ground out U3 (Groundball, 3S, EV 68.1 MPH)
Mario Martinez to second
Batting: LHB John Harvey 0-0: Ball
1-0: Called Strike
1-1: Swinging Strike
1-2: Foul Ball, location: 2F
1-2: Ball
2-2: Strikes out swinging
Top of the 7th over - 0 runs, 0 hits, 0 errors, 1 left on base; Portland 2 - Palm Beach 0
BOTTOM OF THE 7TH
Palm Beach Nationals batting - Pitching for Portland Angels : LHP Alejandro Jimenez
Batting: SHB John Husson 0-0: Ball
1-0: Ball
2-0: Ball
3-0: Called Strike
3-1: Ground out 6-3 (Groundball, 56, EV 101.9 MPH)
Pitching: LHP Jim Roney
Batting: RHB Jason Curry 0-0: Ball
1-0: SOLO HOME RUN (Flyball, 78XD, EV 115.6 MPH), Distance : 447 ft
Batting: RHB Billy Williamson 0-0: Swinging Strike
0-1: Called Strike
0-2: Ball
1-2: Strikes out swinging
Batting: RHB Mike Hayes 0-0: Foul Ball, location: 2F
0-1: Ball
1-1: SINGLE (Line Drive, 8RS, EV 89.4 MPH)
Pinch Hitting: LHB Dusty Jones 0-0: Swinging Strike
0-1: Foul Ball, location: 2F
0-2: Strikes out swinging
Bottom of the 7th over - 1 run, 2 hits, 0 errors, 1 left on base; Portland 2 - Palm Beach 1
TOP OF THE 8TH
Portland Angels batting - Pitching for Palm Beach Nationals : RHP Gabriel Bass
Now in RF: Vince Parris
Batting: LHB Matt Herndon 0-0: Ball
1-0: Fly out, F9 (Flyball, 9LSF, EV 78.8 MPH)
Batting: LHB Miguel Hernandez 0-0: Ball
1-0: Foul Ball, location: 2F
1-1: Swinging Strike
1-2: Strikes out swinging, 2-3 out at first.
Batting: RHB Jose Garduno 0-0: Ball
1-0: Ball
2-0: Ball
3-0: Base on Balls
Batting: LHB Jon Rahn 0-0: Called Strike
0-1: Called Strike
0-2: Ball
1-2: Foul Ball, location: 2F
1-2: Strikes out swinging
Top of the 8th over - 0 runs, 0 hits, 0 errors, 1 left on base; Portland 2 - Palm Beach 1
BOTTOM OF THE 8TH
Palm Beach Nationals batting - Pitching for Portland Angels : LHP Jim Roney
Now in CF: Ken Beck
Now in RF: Miguel Hernandez
Batting: RHB Larry Myers 0-0: Called Strike
0-1: Ball
1-1: Swinging Strike
1-2: Ball
2-2: Foul Ball, location: 2F
2-2: Foul Ball, location: 2F
2-2: Foul Ball, location: 2F
2-2: Foul Ball, location: 2F
2-2: Strikes out looking
Batting: RHB Abdul-Ra'uf bin Maimun 0-0: Foul Ball, location: 2F
0-1: Ball
1-1: Foul Ball, location: 2F
1-2: Foul Ball, location: 2F
1-2: Ball
2-2: Ball
3-2: Foul Ball, location: 2F
3-2: Foul Ball, location: 2F
3-2: Base on Balls
Batting: RHB Lou Ortman 0-0: Ball
1-0: Foul Ball, location: 2F
1-1: Ball
Wild Pitch!
Abdul-Ra'uf bin Maimun to second
2-1: Ball
3-1: Foul Ball, location: 2F
3-2: Foul Ball, location: 2F
3-2: Foul Ball, location: 2F
3-2: Fly out, F9 (Flyball, 9D, EV 100.6 MPH)
Runner from 2nd tags up, SAFE at 3rd, no throw by RF
Batting: RHB Tom Lyles 0-0: Foul Ball, location: 2F
0-1: Swinging Strike
0-2: Ball
1-2: Strikes out swinging
Bottom of the 8th over - 0 runs, 0 hits, 0 errors, 1 left on base; Portland 2 - Palm Beach 1
TOP OF THE 9TH
Portland Angels batting - Pitching for Palm Beach Nationals : RHP Gabriel Bass
Batting: RHB Alex Rosaly 0-0: Ball
1-0: Ball
2-0: Fly out, F7 (Flyball, 7D, EV 101.9 MPH)
Batting: LHB Lourens Aukema 0-0: Called Strike
0-1: Ball
1-1: Ball
2-1: Ball
3-1: SOLO HOME RUN (Flyball, 9D, EV 95.6 MPH), Distance : 364 ft
Pitching: RHP Greg Bennett
Batting: RHB Mario Martinez 0-0: Foul Ball, location: 2F
0-1: Ball
1-1: Ground out 1-3 (Groundball, 34S, EV 66.2 MPH)
Batting: RHB Bob Dewar 0-0: Hit by Pitch
Batting: LHB John Harvey 0-0: Foul Ball, location: 2F
0-1: Swinging Strike
0-2: SINGLE (Line Drive, 56D, EV 96.9 MPH)
Bob Dewar to second
Batting: RHB Ken Beck 0-0: Ball
1-0: Called Strike
1-1: Swinging Strike
1-2: Ball
2-2: Foul Ball, location: 2F
2-2: Fly out, F7 (Flyball, 7D, EV 109.4 MPH)
Top of the 9th over - 1 run, 2 hits, 0 errors, 2 left on base; Portland 3 - Palm Beach 1
BOTTOM OF THE 9TH
Palm Beach Nationals batting - Pitching for Portland Angels : LHP Jim Roney
Pitching: RHP Hector Agudelo
Batting: SHB John Husson 0-0: Called Strike
0-1: Ball
1-1: Ball
2-1: Ball
3-1: Base on Balls
Batting: RHB Jason Curry 0-0: Called Strike
0-1: Ball
1-1: Ball
2-1: Called Strike
2-2: Foul Ball, location: 2F
2-2: Ball
3-2: Strikes out swinging
Batting: RHB Billy Williamson 0-0: Ball
1-0: Called Strike
1-1: Foul Ball, location: 2F
1-2: Foul Ball, location: 2F
1-2: Strikes out swinging
Batting: RHB Mike Hayes 0-0: Called Strike
0-1: Ball
1-1: Ball
2-1: Called Strike
2-2: Ball
3-2: Strikes out looking
Bottom of the 9th over - 0 runs, 0 hits, 0 errors, 1 left on base; Portland 3 - Palm Beach 1
Sunday, July 16th , 2023 - OOTP Baseball 24.6 Build 69